PBL
JOPLIN BLASTERS @ COLORADO AVALANCHE
10/16/2047
 
TOP OF THE 1ST
Beloit Snappers batting - Pitching for Bowling Green Hot Rods : RHP Jason Cheek
Pitching: RHP Jason Cheek
Batting: RHB Dan Boylan 0-0: Ball
1-0: Ball
2-0: Called Strike
2-1: Ball
3-1: SINGLE (Groundball, 6MD, EV 100.6 MPH)
Batting: RHB Danny Heikkila 0-0: Ball
Dan Boylan is caught stealing 2nd base 2-4
1-0: Foul Ball, location: 2F
1-1: Swinging Strike
1-2: Ball
2-2: Ball
3-2: Ground out 6-3 (Groundball, 56, EV 78.1 MPH)
Batting: LHB Chance Stever 0-0: Foul Ball, location: 2F
0-1: Foul Ball, location: 2F
0-2: Strikes out swinging
Top of the 1st over - 0 runs, 1 hit, 0 errors, 0 left on base; Beloit 0 - Bowling Green 0
BOTTOM OF THE 1ST
Bowling Green Hot Rods batting - Pitching for Beloit Snappers : RHP Nick Cunningham
Pitching: RHP Nick Cunningham
Batting: RHB Jonathan Fraire 0-0: Ball
1-0: Called Strike
1-1: Called Strike
1-2: Foul Ball, location: 2F
1-2: Foul Ball, location: 2F
1-2: Foul Ball, location: 2F
1-2: Fly out, F3 (Popup, 3F, EV 65.6 MPH)
Batting: LHB Mark Marvin 0-0: Ball
1-0: Called Strike
1-1: Ball
2-1: Foul Ball, location: 2F
2-2: SINGLE (Line Drive, 8LS, EV 89.4 MPH)
Batting: SHB Lou Kroneman 0-0: Called Strike
0-1: Ball
Mark Marvin steals 2nd base
1-1: DOUBLE (Line Drive, 78D, EV 108.8 MPH)
Mark Marvin scores
Batting: RHB David Ward 0-0: Called Strike
0-1: Foul Ball, location: 2F
0-2: 2-RUN HOME RUN (Flyball, 89XD, EV 102.5 MPH), Distance : 382 ft
Batting: SHB Wayne Hattan 0-0: Called Strike
0-1: Ball
1-1: Ball
2-1: Foul Ball, location: 2F
2-2: Ball
3-2: SOLO HOME RUN (Flyball, 9D, EV 96.2 MPH), Distance : 366 ft
Batting: RHB Freddy Mullen 0-0: Ground out 6-3 (Groundball, 6, EV 81.9 MPH)
Batting: SHB Julio Hernandez 0-0: Swinging Strike
0-1: Ball
1-1: Fly out, F7 (Flyball, 7S, EV 86.2 MPH)
Bottom of the 1st over - 4 runs, 4 hits, 0 errors, 0 left on base; Beloit 0 - Bowling Green 4
TOP OF THE 2ND
Beloit Snappers batting - Pitching for Bowling Green Hot Rods : RHP Jason Cheek
Batting: RHB Jonathan Gallup 0-0: Ball
1-0: Swinging Strike
1-1: Foul Ball, location: 2F
1-2: Ball
2-2: SINGLE (Groundball, 56D, EV 107.5 MPH)
Batting: SHB John Cummings 0-0: Ball
1-0: Swinging Strike
1-1: Swinging Strike
1-2: Strikes out looking
Batting: LHB Angel Sanchez 0-0: Ball
1-0: Fielders Choice at 2nd, 3-6 (Groundball, 34, EV 82.5 MPH)
Batting: RHB Edgar Landim 0-0: Called Strike
0-1: Foul Ball, location: 2F
0-2: Foul Ball, location: 2F
0-2: Ball
1-2: Ball
2-2: Strikes out swinging
Top of the 2nd over - 0 runs, 1 hit, 0 errors, 1 left on base; Beloit 0 - Bowling Green 4
BOTTOM OF THE 2ND
Bowling Green Hot Rods batting - Pitching for Beloit Snappers : RHP Nick Cunningham
Batting: LHB Dan Hunt 0-0: Ball
1-0: Foul Ball, location: 2F
1-1: Ball
2-1: Swinging Strike
2-2: Foul Ball, location: 2F
2-2: Strikes out swinging
Batting: RHB Chris Glavin 0-0: Foul Ball, location: 2F
0-1: Foul Ball, location: 2F
0-2: Ball
1-2: Strikes out swinging
Batting: RHB Jonathan Fraire 0-0: Ball
1-0: SINGLE (Groundball, 56S, EV 71.9 MPH) (infield hit)
Batting: LHB Mark Marvin 0-0: Called Strike
Jonathan Fraire steals 2nd base
0-1: Fly out, F8 (Flyball, 8RD, EV 90.6 MPH)
Bottom of the 2nd over - 0 runs, 1 hit, 0 errors, 1 left on base; Beloit 0 - Bowling Green 4
TOP OF THE 3RD
Beloit Snappers batting - Pitching for Bowling Green Hot Rods : RHP Jason Cheek
Batting: LHB Juan Villafana 0-0: SINGLE (Groundball, 6MS, EV 68.1 MPH) (infield hit)
Batting: RHB Manny Moron 0-0: Called Strike
0-1: Fly out, F6 (Flyball, 56D, EV 87.5 MPH)
Batting: RHB Dan Boylan 0-0: Fielders Choice at 2nd, 6-4 (Groundball, 6D, EV 106.2 MPH)
Batting: RHB Danny Heikkila 0-0: Ball
Dan Boylan steals 2nd base
1-0: Ball
Wild Pitch!
Dan Boylan to third
2-0: Ball
3-0: Called Strike
3-1: Called Strike
3-2: Ground out 5-3 (Groundball, 56, EV 107.5 MPH)
Top of the 3rd over - 0 runs, 1 hit, 0 errors, 1 left on base; Beloit 0 - Bowling Green 4
BOTTOM OF THE 3RD
Bowling Green Hot Rods batting - Pitching for Beloit Snappers : RHP Nick Cunningham
Batting: SHB Lou Kroneman 0-0: Ball
1-0: Fly out, F8 (Flyball, 78D, EV 96.9 MPH)
Batting: RHB David Ward 0-0: Swinging Strike
0-1: Called Strike
0-2: Ball
1-2: Ball
2-2: Strikes out swinging
Batting: SHB Wayne Hattan 0-0: Called Strike
0-1: Ball
1-1: Called Strike
1-2: Ground out U3 (Groundball, 34, EV 90.6 MPH)
Bottom of the 3rd over - 0 runs, 0 hits, 0 errors, 0 left on base; Beloit 0 - Bowling Green 4
TOP OF THE 4TH
Beloit Snappers batting - Pitching for Bowling Green Hot Rods : RHP Jason Cheek
Batting: LHB Chance Stever 0-0: Called Strike
0-1: Ball
1-1: Called Strike
1-2: Ball
2-2: Ball
3-2: Strikes out swinging
Batting: RHB Jonathan Gallup 0-0: Ball
1-0: Foul Ball, location: 2F
1-1: Called Strike
1-2: Ball
2-2: Ball
3-2: Base on Balls
Batting: SHB John Cummings 0-0: Ball
1-0: Swinging Strike
1-1: Ball
2-1: Foul Ball, location: 2F
2-2: Strikes out looking
Batting: LHB Angel Sanchez 0-0: Called Strike
0-1: Ball
1-1: Ball
2-1: Ball
3-1: Foul Ball, location: 2F
3-2: Ground out 4-3 (Groundball, 4, EV 78.1 MPH)
Top of the 4th over - 0 runs, 0 hits, 0 errors, 1 left on base; Beloit 0 - Bowling Green 4
BOTTOM OF THE 4TH
Bowling Green Hot Rods batting - Pitching for Beloit Snappers : RHP Nick Cunningham
Batting: RHB Freddy Mullen 0-0: Called Strike
0-1: Ball
1-1: Ball
2-1: Ball
3-1: Called Strike
3-2: Base on Balls
Batting: SHB Julio Hernandez 0-0: Called Strike
0-1: Ball
1-1: Ball
2-1: Ball
3-1: Grounds out, U3 (Groundball, 3L, EV 110.0 MPH)
Batting: LHB Dan Hunt 0-0: Foul Ball, location: 2F
0-1: Called Strike
0-2: Strikes out swinging
Batting: RHB Chris Glavin 0-0: Ball
1-0: Ball
2-0: Foul Ball, location: 2F
2-1: Called Strike
2-2: Foul Ball, location: 2F
2-2: Strikes out swinging
Bottom of the 4th over - 0 runs, 0 hits, 0 errors, 1 left on base; Beloit 0 - Bowling Green 4
TOP OF THE 5TH
Beloit Snappers batting - Pitching for Bowling Green Hot Rods : RHP Jason Cheek
Batting: RHB Edgar Landim 0-0: Called Strike
0-1: Called Strike
0-2: Foul Ball, location: 2F
0-2: Ball
1-2: Ball
2-2: Foul Ball, location: 2F
2-2: Fly out, F9 (Flyball, 89M, EV 94.4 MPH)
Batting: LHB Juan Villafana 0-0: Called Strike
0-1: Ball
1-1: SINGLE (Line Drive, 6MD, EV 95.0 MPH)
Batting: RHB Manny Moron 0-0: Called Strike
0-1: Fly out, F7 (Line Drive, 7, EV 90.6 MPH)
Batting: RHB Dan Boylan 0-0: Foul Ball, location: 2F
0-1: Ball
1-1: Ball
Juan Villafana steals 2nd base
2-1: Ground out U3 (Groundball, 34, EV 93.8 MPH)
Top of the 5th over - 0 runs, 1 hit, 0 errors, 1 left on base; Beloit 0 - Bowling Green 4
BOTTOM OF THE 5TH
Bowling Green Hot Rods batting - Pitching for Beloit Snappers : RHP Nick Cunningham
Batting: RHB Jonathan Fraire 0-0: Fly out, F7 (Line Drive, 7, EV 102.5 MPH)
Batting: LHB Mark Marvin 0-0: Foul Ball, location: 2F
0-1: Swinging Strike
0-2: Ball
1-2: Ground out 4-3 (Groundball, 4, EV 101.2 MPH)
Batting: SHB Lou Kroneman 0-0: Ball
1-0: Ball
2-0: Fly out, F9 (Flyball, 8RS, EV 83.8 MPH)
Bottom of the 5th over - 0 runs, 0 hits, 0 errors, 0 left on base; Beloit 0 - Bowling Green 4
TOP OF THE 6TH
Beloit Snappers batting - Pitching for Bowling Green Hot Rods : RHP Jason Cheek
Batting: RHB Danny Heikkila 0-0: Called Strike
0-1: Foul Ball, location: 2F
0-2: Foul Ball, location: 2F
0-2: Ball
1-2: Strikes out looking
Batting: LHB Chance Stever 0-0: Ball
1-0: Called Strike
1-1: Swinging Strike
1-2: Foul Ball, location: 2F
1-2: Ball
2-2: Foul Ball, location: 2F
2-2: Ground out 6-3 (Groundball, 6, EV 91.9 MPH)
Batting: RHB Jonathan Gallup 0-0: Ball
1-0: Foul Ball, location: 2F
1-1: Swinging Strike
1-2: Ball
2-2: Ball
3-2: Fly out, F8 (Flyball, 78D, EV 93.1 MPH)
Top of the 6th over - 0 runs, 0 hits, 0 errors, 0 left on base; Beloit 0 - Bowling Green 4
BOTTOM OF THE 6TH
Bowling Green Hot Rods batting - Pitching for Beloit Snappers : RHP Nick Cunningham
Batting: RHB David Ward 0-0: Swinging Strike
0-1: Fly out, F8 (Line Drive, 78M, EV 94.4 MPH)
Batting: SHB Wayne Hattan 0-0: Ball
1-0: DOUBLE (Line Drive, 9LM, EV 102.5 MPH)
Batting: RHB Freddy Mullen 0-0: Ball
1-0: Ball
Wild Pitch!
Wayne Hattan to third
2-0: SINGLE (Groundball, 4M, EV 94.4 MPH)
Wayne Hattan scores
Pitching: RHP Ari Kuusinen
Batting: SHB Julio Hernandez 0-0: Ball
1-0: Ball
2-0: Ball
3-0: Called Strike
3-1: Base on Balls
Freddy Mullen to second
Batting: LHB Dan Hunt 0-0: Called Strike
0-1: Foul Ball, location: 2F
0-2: Ball
1-2: Strikes out looking
Batting: RHB Chris Glavin 0-0: Ball
1-0: Called Strike
1-1: Ball
2-1: Ball
3-1: Base on Balls
Freddy Mullen to third
Julio Hernandez to second
Batting: RHB Jonathan Fraire 0-0: Ball
1-0: Fly out, F7 (Flyball, 78M, EV 88.1 MPH)
Bottom of the 6th over - 1 run, 2 hits, 0 errors, 3 left on base; Beloit 0 - Bowling Green 5
TOP OF THE 7TH
Beloit Snappers batting - Pitching for Bowling Green Hot Rods : RHP Jason Cheek
Batting: SHB John Cummings 0-0: Foul Ball, location: 2F
0-1: Ball
1-1: SOLO HOME RUN (Line Drive, 9LD, EV 94.4 MPH), Distance : 363 ft
Pitching: RHP Josh McMahan
Batting: LHB Angel Sanchez 0-0: Ball
1-0: Called Strike
1-1: Foul Ball, location: 2F
1-2: Strikes out swinging
Batting: RHB Edgar Landim 0-0: Called Strike
0-1: Called Strike
0-2: Ground out 4-3 (Groundball, 4, EV 103.1 MPH)
Batting: LHB Juan Villafana 0-0: SINGLE (Groundball, 4MS, EV 65.6 MPH) (infield hit)
Batting: RHB Manny Moron 0-0: Called Strike
Juan Villafana steals 2nd base (no throw)
0-1: Ball
1-1: Ball
2-1: Foul Ball, location: 2F
2-2: Strikes out swinging
Top of the 7th over - 1 run, 2 hits, 0 errors, 1 left on base; Beloit 1 - Bowling Green 5
BOTTOM OF THE 7TH
Bowling Green Hot Rods batting - Pitching for Beloit Snappers : RHP Ari Kuusinen
Batting: LHB Mark Marvin 0-0: Ball
1-0: Ground out 4-3 (Groundball, 13, EV 82.5 MPH)
Batting: SHB Lou Kroneman 0-0: Ball
1-0: SINGLE (Groundball, 4D, EV 107.5 MPH)
Batting: RHB David Ward 0-0: Ball
1-0: Ball
2-0: Ball
3-0: Called Strike
3-1: Base on Balls
Lou Kroneman to second
Batting: SHB Wayne Hattan 0-0: Foul Ball, location: 2F
0-1: Swinging Strike
0-2: Fly out, F8 (Flyball, 8RM, EV 76.2 MPH)
Batting: RHB Freddy Mullen 0-0: Ball
1-0: Called Strike
1-1: Ball
2-1: Called Strike
2-2: Foul Ball, location: 2F
2-2: Foul Ball, location: 2F
2-2: Foul Ball, location: 2F
2-2: Ground out 6-3 (Groundball, 6S, EV 84.4 MPH)
Bottom of the 7th over - 0 runs, 1 hit, 0 errors, 2 left on base; Beloit 1 - Bowling Green 5
TOP OF THE 8TH
Beloit Snappers batting - Pitching for Bowling Green Hot Rods : RHP Josh McMahan
Batting: RHB Dan Boylan 0-0: Ball
1-0: Ball
2-0: Swinging Strike
2-1: Foul Ball, location: 2F
2-2: Strikes out swinging
Batting: RHB Danny Heikkila 0-0: Ball
1-0: Ball
2-0: Called Strike
2-1: Foul Ball, location: 2F
2-2: Foul Ball, location: 2F
2-2: Foul Ball, location: 2F
2-2: Ground out 5-3 (Groundball, 56S, EV 84.4 MPH)
Batting: LHB Chance Stever 0-0: Called Strike
0-1: Foul Ball, location: 2F
0-2: Ball
1-2: Strikes out swinging
Top of the 8th over - 0 runs, 0 hits, 0 errors, 0 left on base; Beloit 1 - Bowling Green 5
BOTTOM OF THE 8TH
Bowling Green Hot Rods batting - Pitching for Beloit Snappers : RHP Ari Kuusinen
Pitching: RHP Dong-choon Park
Batting: SHB Julio Hernandez 0-0: DOUBLE (Flyball, 78XD, EV 112.5 MPH)
Batting: LHB Dan Hunt 0-0: Intentional Walk
Batting: RHB Chris Glavin 0-0: Grounds into double play, 6-4-3 (Groundball, 6S, EV 81.9 MPH)
Julio Hernandez to third
Batting: RHB Jonathan Fraire 0-0: Ground out 1-3 (Groundball, 34S, EV 67.5 MPH)
Bottom of the 8th over - 0 runs, 1 hit, 0 errors, 1 left on base; Beloit 1 - Bowling Green 5
TOP OF THE 9TH
Beloit Snappers batting - Pitching for Bowling Green Hot Rods : RHP Josh McMahan
Pitching: LHP Brian Kelly
Batting: RHB Jonathan Gallup 0-0: Swinging Strike
0-1: Swinging Strike
0-2: Foul Ball, location: 2F
0-2: Foul Ball, location: 2F
0-2: Strikes out swinging
Batting: SHB John Cummings 0-0: Swinging Strike
0-1: Ball
1-1: Ball
2-1: Ball
3-1: Foul Ball, location: 2F
3-2: Base on Balls
Batting: LHB Angel Sanchez 0-0: Called Strike
0-1: Called Strike
0-2: Ball
1-2: Ball
2-2: Ball
3-2: Strikes out swinging
Batting: RHB Edgar Landim 0-0: Ball
1-0: SINGLE (Groundball, 25, EV 67.5 MPH) (infield hit)
John Cummings to second
Pitching: RHP Al Speer
Batting: LHB Juan Villafana 0-0: Ball
1-0: Fly out, F8 (Line Drive, 8RD, EV 103.8 MPH)
Top of the 9th over - 0 runs, 1 hit, 0 errors, 2 left on base; Beloit 1 - Bowling Green 5
Thursday, December 15th , 2022 - OOTP Baseball 23.9 Build 102